 Dungeon Crawl Stone Soup version 0.30.0 (webtiles) character file.

Game seed: 2521141684655011473

439 marwff the Vexing (level 7, -5/36 HPs)
             Began as a Kobold Enchanter on June 1, 2023.
             Slain by a wyvern (12 damage)
             ... on level 5 of the Dungeon.
             The game lasted 00:13:26 (4814 turns).

marwff the Vexing (Kobold Enchanter)                Turns: 4814, Time: 00:13:27

Health: -5/36      AC:  3    Str:  5    XL:     7   Next: 22%
Magic:  0/14       EV: 15    Int: 17    God:
Gold:   192        SH:  0    Dex: 17    Spells: 4/15 levels left

rFire   + . .        B - +0 rapier
rCold   + . .        (no shield)
rNeg    + . .        b - +0 robe
rPois   .            (no helmet)
rElec   .            h - scarf {rC+ rF+}
rCorr   .            t - +0 pair of gloves
SInv    .            (no boots)
Will    .....        A - amulet of guardian spirit
Stlth   ++++         y - ring of positive energy
HPRegen 0.26/turn    (no ring)
MPRegen 0.14/turn

%: guardian spirit
@: confusing by touch
A: small, no large weapons, nightstalker 3
a: no special abilities


You were on level 5 of the Dungeon.
You visited 2 branches of the dungeon, and saw 6 of its levels.

You collected 192 gold pieces.

Inventory:

Hand Weapons
 B - a +0 rapier (weapon)
Missiles
 g - 4 poisoned darts (quivered)
Armour
 b - a +0 robe (worn)
 h - a scarf of resistance (worn)
 t - a +0 pair of gloves (worn)
 x - a +0 ring mail of fire resistance
Jewellery
 y - a ring of positive energy (left hand)
 z - a ring of fire
 A - an amulet of guardian spirit (around neck)
Wands
 v - a wand of flame (30)
Scrolls
 d - 2 scrolls of amnesia {unknown}
 f - 4 scrolls of identify {unknown}
 j - a scroll of fear {unknown}
 l - a scroll of blinking {unknown}
 m - a scroll of magic mapping {unknown}
 o - a scroll of torment {unknown}
 r - a scroll of teleportation {unknown}
 w - a scroll of fog {unknown}
Potions
 a - a potion of degeneration {unknown}
 c - 2 potions of invisibility
 e - a potion of magic {unknown}
 i - 2 potions of flight {unknown}
 k - 2 potions of cancellation {unknown}
 n - 2 potions of haste {unknown}
 p - 2 potions of might {unknown}
 q - a potion of curing {unknown}
 s - a potion of mutation {unknown}
 u - a potion of brilliance {unknown}


   Skills:
 - Level 1.3 Short Blades
 - Level 2.4 Dodging
 - Level 4.0 Stealth
 + Level 4.8 Spellcasting
 - Level 6.0 Hexes
 + Level 1.4 Ice Magic


You had 4 spell levels left.
You knew the following spells:

 Your Spells              Type           Power      Damage    Failure   Level
a - Ensorcelled Hibernat  Hex/Ice        32%        N/A       4%          2
b - Confusing Touch       Hex            24%        N/A       3%          3
c - Tukima's Dance        Hex            24%        N/A       3%          3
d - Dazzling Flash        Conj/Hex       28%        N/A       13%         3

Your spell library contained the following spells:

 Spells                   Type           Power      Damage    Failure   Level


Dungeon Overview and Level Annotations

Branches:
Dungeon (5/15)             Temple (1/1) D:4

Altars:
Ashenzari
Cheibriados
Gozag
Kikubaaqudgha
Makhleb
Nemelex Xobeh
Okawaru
Qazlal
Ru
Sif Muna
Trog
Vehumet
Yredelemnul

Annotations:
D:3 2 transporters, samcosmo's ghost, amateur GrEE
D:4 Dowan; Duvessa; Menkaure


Innate Abilities, Weirdness & Mutations

You are small and have problems with some larger weapons.
You are completely attuned to the shadows.


Message History

HP restored.
You start resting.
Magic restored.
Things that are here:
a +0 flail; a gnoll corpse
i - 2 red potions (gained 1)
Things that are here:
a +0 great sword; a +0 robe An orc comes into view.
It is wielding a +0 dagger.
An orc comes into view.
It is wielding a +0 short sword and carrying a wand of polymorph (3).
You start waiting.
Done waiting.
A wyvern comes into view.
The wyvern closely misses you.
Casting: Ensorcelled Hibernation (safe; 4% risk of failure)
Confirm with . or Enter, or press ? or * to list all spells.
Aiming: Ensorcelled Hibernation (safe; 4% risk of failure)
Press: ? - help, Shift-Dir - straight line, f - wyvern
Aim: a wyvern (chance to affect: 50%)
The wyvern resists with some effort.
The wyvern bites you!
Casting: Ensorcelled Hibernation (safe; 4% risk of failure)
Confirm with . or Enter, or press ? or * to list all spells.
Aiming: Ensorcelled Hibernation (safe; 4% risk of failure)
Press: ? - help, Shift-Dir - straight line, f/p - wyvern
Aim: a wyvern (chance to affect: 50%)
The wyvern looks drowsy...
The helpless wyvern fails to defend itself.
You puncture the wyvern!
The wyvern is moderately wounded.
The wyvern bites you!
* * * LOW MAGIC WARNING * * *;
* * * LOW HITPOINT WARNING * * *
Casting: Ensorcelled Hibernation (safe; 4% risk of failure)
Confirm with . or Enter, or press ? or * to list all spells.
Your hands begin to glow red.
* * * LOW MAGIC WARNING * * *
The wyvern bites you!
* * * LOW MAGIC WARNING * * *;
* * * LOW HITPOINT WARNING * * *
The wyvern bites you!
* * * LOW MAGIC WARNING * * *
You die...

#############
...##.......#######
##.##.####........##.
##....# #........'.
.#..### #........#
.#..#### ##.#...@.#..#
.#..#... ......l#.#..#..
....#.#####..........#.#
........................
......#.#######.#....#
#...#..... #.#O##.#
#......... #.#.##)#
#......... #.#.##?####.#
<......... #.#.........#


You could see a wyvern.

Vanquished Creatures
  A scorpion (D:4)
  A jelly (D:4)
  Natasha (thrice) (D:3)
  3 iguanas (D:4)
  Ijyb (D:3)
  3 gnolls (D:5)
  6 adders
  A white imp (D:5)
  An ufetubus (D:5)
  A worm (D:2)
  A dart slug (D:1)
  4 orcs
  3 bats
  4 endoplasms
  4 giant cockroaches
  7 goblins
  9 hobgoblins
  3 jackals (D:1)
  6 kobolds
  2 quokkas
  12 ball pythons
  2 frilled lizards (D:2)
  2 rats (D:1)
80 creatures vanquished.

Notes
Turn   | Place    | Note
-------+----------+-------------------------------------------
     0 | D:1      | marwff the Kobold Enchanter began the quest for the Orb.
     0 | D:1      | Reached XP level 1. HP: 10/10 MP: 3/3
   155 | D:1      | Reached XP level 2. HP: 15/15 MP: 5/5
   158 | D:1      | Learned a level 2 spell: Ensorcelled Hibernation
   430 | D:1      | Reached XP level 3. HP: 19/19 MP: 6/6
   909 | D:2      | Found a faded altar of an unknown god.
  1012 | D:2      | Reached skill level 4 in Hexes
  1384 | D:2      | Identified the +8 chain mail of Woguitho {Rampage}
  1764 | D:3      | Reached XP level 4. HP: 20/24 MP: 3/8
  2129 | D:3      | Found a transporter.
  2131 | D:3      | Noticed samcosmo's ghost (amateur GrEE)
  2141 | D:3      | Found a transporter.
  2236 | D:3      | Found a broken altar of Ashenzari.
  2236 | D:3      | Found an iron altar of Okawaru.
  2297 | D:3      | Found a faded altar of an unknown god.
  2298 | D:3      | Found a sacrificial altar of Ru.
  2349 | D:3      | Noticed Ijyb
  2355 | D:3      | Killed Ijyb
  2356 | D:3      | Reached XP level 5. HP: 25/28 MP: 4/9
  2574 | D:4      | Noticed Menkaure
  2575 | D:4      | Noticed Natasha
  2711 | D:3      | Killed Natasha
  2712 | D:3      | Reached skill level 5 in Hexes
  2731 | D:3      | Noticed Natasha
  2735 | D:3      | Killed Natasha
  2808 | D:3      | Found a transporter.
  2852 | D:3      | Noticed Natasha
  2858 | D:3      | Killed Natasha
  2859 | D:3      | Reached XP level 6. HP: 31/32 MP: 4/11
  3271 | D:4      | Learned a level 3 spell: Confusing Touch
  3275 | D:4      | Learned a level 3 spell: Tukima's Dance
  3279 | D:4      | Learned a level 3 spell: Dazzling Flash
  3377 | D:4      | Reached skill level 6 in Hexes
  3477 | D:4      | Noticed Dowan
  3478 | D:4      | Noticed Duvessa
  3732 | D:4      | Found a staircase to the Ecumenical Temple.
  3741 | Temple   | Entered the Ecumenical Temple
  3966 | D:5      | Entered Level 5 of the Dungeon
  3980 | D:5      | Noticed an ogre
  4120 | D:5      | Reached XP level 7. HP: 36/36 MP: 13/13
  4309 | D:4      | Reached skill level 1 in Ice Magic
  4808 | D:5      | Noticed a wyvern
  4814 | D:5      | Slain by a wyvern

Illustrated notes

Levels and vault maps discovered:
D:1:      wander_arrival_lonely_grave, layout_loops_ring, minmay_surrounded
D:2:      layout_loops_ring, ebering_ecumenical_altar_rust
D:3:      layout_rooms, gammafunk_temple_overflow_elements,
          nicolae_overflow_ecumenical_swirl, gammafunk_ghost_arena, uniq_ijyb
D:4:      minmay_general_purpose_star, layout_basic,
          nicolae_overflow_hidden_temple, regret_index_temple_of_mockery,
          hex_tiny, uniq_menkaure, uniq_duvessa, uniq_natasha
D:5:      layout_basic
Temple:   nicolae_temple_ecumenical_triangle

Skill      XL: |  1  2  3  4  5  6  7 |
---------------+----------------------+-----
Hexes          | 4 5 6 |  6.0
Spellcasting   | 3 4 |  4.8
Ice Magic      | 1 |  1.4
Short Blades   | |  1.3
Dodging        | |  2.4
Stealth        | |  4.0

Action                     |  1- 3 |  4- 6 |  7- 9 || total
---------------------------+-------+-------+-------++-------
  Melee: Dagger            |    85 |    54 |       ||   139
         Punch             |     1 |       |       ||     1
         Rapier            |       |     5 |    30 ||    35
   Cast: Ensorcelled Hiber |    14 |    43 |    14 ||    71
         Confusing Touch   |       |       |     2 ||     2
    Use: Potion            |       |     1 |       ||     1
   Stab: Sleeping          |    27 |    29 |     9 ||    65
         Distracted        |     1 |       |       ||     1
 Armour: Robe              |     4 |     7 |     1 ||    12
  Dodge: Dodged            |    54 |    44 |    27 ||   125
